 Dungeon Crawl Stone Soup version 0.22.1-2-g9c5b331 (webtiles) character file.

12659 Anon1729 the Cleaver (level 11, -4/107 HPs)
             Began as a Hill Orc Monk on Nov 15, 2018.
             Was an Elder of Beogh.
             Slain by a four-headed hydra (5 damage)
             ... on level 12 of the Dungeon.
             The game lasted 00:31:52 (11904 turns).

Anon1729 the Cleaver (Hill Orc Monk)               Turns: 11904, Time: 00:31:53

Health: -4/107     AC: 18    Str: 18    XL:     11   Next: 96%
Magic:  12/12      EV: 12    Int: 10    God:    Beogh [****..]
Gold:   895        SH:  0    Dex: 13    Spells: 10/10 levels left

rFire    . . .     SeeInvis +   k - +3 war axe (freeze)
rCold    . . .     Gourm    .   (no shield)
rNeg     + . .     Faith    .   K - +5 ring mail of the Blizzard {rN+ SInv}
rPois    .         Spirit   .   i - +2 helmet
rElec    .         Reflect  .   (no cloak)
rCorr    .         Harm     .   (no gloves)
MR       .....                  (no boots)
Stlth    +.........             D - amulet of magic regeneration
HPRegen  0.27/turn              z - +2 ring of protection
MPRegen  0.38/turn              q - +4 ring of slaying

@: no status effects
A: no striking features
a: Smiting, Recall Orcish Followers, Renounce Religion


You were on level 12 of the Dungeon.
You worshipped Beogh.
Beogh was greatly pleased with you.
You were not hungry.

You visited 2 branches of the dungeon, and saw 13 of its levels.
You also visited: Ossuary.

You collected 1005 gold pieces.
You spent 110 gold pieces at shops.

Inventory:

Hand Weapons
 a - a +0 hand axe
 k - a +3 war axe of freezing (weapon)
 n - a +0 whip of draining
 B - a +1 whip of electrocution
Armour
 b - a +0 robe
 i - a +2 helmet (worn)
 l - a +0 chain mail
 x - a +0 leather armour of fire resistance
 K - the +5 ring mail of the Blizzard (worn) {rN+ SInv}
   (You found it on level 12 of the Dungeon)

   It protects you from negative energy.
   It lets you see invisible.
Jewellery
 d - a +6 ring of intelligence
 q - a +4 ring of slaying (right hand)
 z - a +2 ring of protection (left hand)
 D - an amulet of magic regeneration (around neck)
Wands
 u - a wand of digging (42)
 F - a wand of paralysis (11)
 H - a wand of flame (32)
 J - a wand of random effects (21)
Scrolls
 f - 4 scrolls of identify
 h - 10 scrolls of amnesia
 j - 5 scrolls of enchant armour
 m - 8 scrolls of remove curse
 o - 5 scrolls of enchant weapon
 p - 4 scrolls of teleportation
 y - a scroll of fear
 C - 2 scrolls of magic mapping
 G - 6 scrolls of fog
 I - a scroll of vulnerability {unknown}
 L - a scroll of random uselessness {unknown}
 P - a scroll of immolation {unknown}
Potions
 e - 3 potions of agility
 g - 6 potions of heal wounds
 r - 3 potions of lignification
 s - a potion of invisibility {unknown}
 t - 2 potions of resistance {unknown}
 v - 3 potions of curing
 w - 2 potions of mutation
 A - 2 potions of flight
 E - 2 potions of might {unknown}
 M - a potion of berserk rage {unknown}
 N - 2 potions of haste
Comestibles
 c - 14 rations
 Q - 3 chunks of flesh


   Skills:
 + Level 13.0 Fighting
 + Level 14.0 Axes
 + Level 11.6 Armour
 - Level 2.4 Dodging
 - Level 1.5 Stealth
 + Level 1.4 Invocations
 + Level 1.0 Evocations


You had 10 spell levels left.
You didn't know any spells.
Your spell library contained the following spells:

 Spells                   Type           Power        Failure   Level  Hunger
 Confusing Touch          Hex            #.....       52%         1    ##.....
 Summon Small Mammal      Summ           #...         52%         1    ##.....
 Call Imp                 Summ           #.......     65%         2    ###....
 Call Canine Familiar     Summ           #.......     87%         3    ####...
 Confuse                  Hex            #.......     87%         3    ####...
 Gell's Gravitas          Tloc           #.........   87%         3    ####...
 Summon Guardian Golem    Hex/Summ       #.......     87%         3    ####...
 Petrify                  Tmut/Erth      #.......     99%         4    #####..
 Summon Ice Beast         Ice/Summ       #.......     99%         4    #####..
 Summon Lightning Spire   Summ/Air       #.......     99%         4    #####..
 Metabolic Englaciation   Hex/Ice        #.........   100%        5    ######.
 Yara's Violent Unravell  Hex/Tmut       #.........   100%        5    ######.


Dungeon Overview and Level Annotations

Branches:
Dungeon (12/15)            Temple (1/1) D:6            Lair (0/6) D:11
    Orc (0/2) D:9

Altars:
Ashenzari
Cheibriados
Dithmenos
Elyvilon
Fedhas
Gozag
Hepliaklqana
Kikubaaqudgha
Makhleb
Nemelex Xobeh
Okawaru
Qazlal
Ru
Sif Muna
Trog
Uskayaw
Vehumet
Wu Jian
Xom
Yredelemnul
Zin
The Shining One

Shops:
D:10 ?   D:12 (


Message History

The four-headed hydra bites you!
* * * LOW HITPOINT WARNING * * *
The four-headed hydra bites you but does no damage.
The four-headed hydra bites you!
* * * LOW HITPOINT WARNING * * *
The four-headed hydra bites you but does no damage.
Unknown command.
Unknown command.
Okay, then.
Your surroundings suddenly seem different.
You close the door.
There is a stone staircase leading up here.
Evoke which item? (* to show all) (? for menu, Esc to quit)
Okay, then.
The four-headed hydra bites you!
* * * LOW HITPOINT WARNING * * *
The four-headed hydra bites you but does no damage.
The four-headed hydra closely misses you.
The four-headed hydra bites you.
You die...

#.#####...##≈≈∩...#.Y
#.##..###.##≈≈≈≈≈##a#
#......##.##+≈≈≈.##.#
#......##.....##.##D#
#......##.....##.##.#
####..###.....+..D..#
#### #.....##.####
#.Do.###.###
#.@#.###.#.#
#........#.#
#..........#
#....#####.#
#).#.......#
########..........#
#................##
#.#####.##########
#.#####.#


You could see a four-headed hydra and the friendly Hawl the orc priest
(wandering).

Vanquished Creatures
  Erolcha (D:12)
  Erica (D:11)
  A two-headed ogre (D:10)
  Pikel (D:7)
  A kobold demonologist (D:11)
  4 hippogriffs
  7 yaks (D:9)
  4 hogs (D:7)
  A human (D:7)
  Eustachio (D:4)
  3 hungry ghosts
  Menkaure (D:4)
  4 wargs
  3 slaves (D:7)
  5 orc warriors
  3 ice beasts
  A black bear (D:10)
  A necrophage (D:7)
  2 sky beasts
  3 phantoms
  2 eyes of draining
  4 ogres
  3 centaurs
  4 bullfrogs
  3 scorpions
  6 killer bees (D:10)
  17 wights
  A howler monkey (D:11)
  4 crimson imps
  A quasit (D:9)
  A jelly (D:10)
  3 orc priests
  3 hounds
  A bullfrog skeleton (D:10)
  A centaur skeleton (D:9)
  4 iguanas
  8 orc wizards
  11 worker ants
  4 big kobold zombies (Ossuary)
  2 hound zombies (Ossuary)
  A hound skeleton (D:6)
  4 mummies (Ossuary)
  Robin (D:4)
  3 gnolls (D:8)
  11 adders
  A shadow imp (D:10)
  An ooze (D:4)
  3 adder zombies
  2 adder skeletons
  A worm (D:3)
  3 dart slugs
  4 leopard geckos
  25 orcs
  5 bats
  11 giant cockroaches
  13 goblins
  11 hobgoblins
  10 jackals
  8 kobolds
  6 quokkas
  A frilled lizard (D:1)
  A jackal zombie (Ossuary)
  A kobold zombie (Ossuary)
  A leopard gecko zombie (D:6)
  An orc zombie (Ossuary)
  A quokka skeleton (D:9)
  6 rats
  2 rat zombies (Ossuary)
269 creatures vanquished.

Vanquished Creatures (collateral kills)
  A two-headed ogre (D:11)
  8 yaks
  A centaur (D:10)
  A bullfrog (D:10)
  A big kobold (D:10)
  A crimson imp (D:9)
  A bullfrog skeleton (D:10)
  A worker ant (D:11)
  2 jackals (D:10)
  5 kobolds (D:10)
  3 quokkas
25 creatures vanquished.

Vanquished Creatures (others)
  A slave (D:7)
  An ogre (D:7)
  2 orc priests
  2 orc wizards
  A jelly (D:7)
  4 orcs
11 creatures vanquished.

Grand Total: 305 creatures vanquished

Notes
Turn   | Place    | Note
-------+----------+-------------------------------------------
     0 | D:1      | Anon1729 the Hill Orc Monk began the quest for the Orb.
     0 | D:1      | Reached XP level 1. HP: 19/19 MP: 1/1
    96 | D:1      | Reached XP level 2. HP: 27/27 MP: 2/2
   193 | D:1      | Reached skill level 1 in Armour
   557 | D:1      | You fall through a shaft!
   609 | D:2      | Reached XP level 3. HP: 29/33 MP: 3/3
   794 | D:2      | Found a shattered altar of Ashenzari.
  1582 | D:2      | Found an ancient bone altar of Kikubaaqudgha.
  1582 | D:2      | Found a blossoming altar of Fedhas.
  1802 | D:3      | Found a snail-covered altar of Cheibriados.
  1957 | D:3      | Reached XP level 4. HP: 39/41 MP: 4/4
  2078 | D:3      | Reached skill level 5 in Axes
  2646 | D:4      | Reached skill level 5 in Fighting
  2646 | D:4      | Reached XP level 5. HP: 36/48 MP: 5/5
  2820 | D:4      | Noticed Robin
  2863 | D:4      | Killed Robin
  2909 | D:4      | Reached XP level 6. HP: 36/56 MP: 6/6
  3049 | D:4      | Reached skill level 6 in Axes
  3182 | D:4      | Noticed Eustachio
  3207 | D:4      | Killed Eustachio
  3207 | D:4      | Reached XP level 7. HP: 36/63 MP: 7/7
  3425 | D:4      | Noticed Menkaure
  3441 | D:4      | Killed Menkaure
  3441 | D:4      | Reached skill level 7 in Axes
  3726 | D:4      | Found a blossoming altar of Fedhas.
  4114 | D:5      | Entered Level 5 of the Dungeon
  4308 | D:5      | Reached skill level 5 in Armour
  4471 | D:5      | Reached XP level 8. HP: 38/73 MP: 8/8
  4827 | D:6      | Found a sand-covered staircase.
  4841 | Ossuary  | Entered an ossuary
  4877 | Ossuary  | Reached skill level 8 in Axes
  5347 | D:6      | Found a blossoming altar of Fedhas.
  5421 | D:6      | Reached skill level 9 in Axes
  5540 | D:6      | Found a staircase to the Ecumenical Temple.
  5884 | Temple   | Entered the Ecumenical Temple
  6137 | D:7      | Became a worshipper of Beogh the Brigand
  6137 | D:7      | Reached * piety under Beogh
  6137 | D:7      | Reached ** piety under Beogh
  6153 | D:7      | Reached XP level 9. HP: 66/82 MP: 9/9
  6225 | D:7      | Noticed Pikel
  6257 | D:7      | Killed Pikel
  6380 | D:7      | Found an opulent altar of Gozag.
  6490 | D:7      | Reached skill level 10 in Axes
  7195 | D:7      | Reached skill level 10 in Fighting
  7307 | D:7      | Reached XP level 10. HP: 79/93 MP: 10/10
  7510 | D:7      | Reached skill level 11 in Axes
  8180 | D:7      | Found a snail-covered altar of Cheibriados.
  8180 | D:7      | Found a hide-covered altar of Uskayaw.
  8180 | D:7      | Found a bloodstained altar of Trog.
  8180 | D:7      | Found a glowing silver altar of Zin.
  8188 | D:7      | Found a shadowy altar of Dithmenos.
  8192 | D:7      | Found a deep blue altar of Sif Muna.
  8960 | D:8      | Found an iron altar of Okawaru.
  9248 | D:8      | Reached *** piety under Beogh
  9248 | D:8      | Reached skill level 12 in Axes
  9573 | D:9      | Reached skill level 10 in Armour
  9600 | D:9      | Reached XP level 11. HP: 36/104 MP: 11/11
  9745 | D:9      | Found a staircase to the Orcish Mines.
  9827 | D:9      | Found a hazy altar of Hepliaklqana.
  9999 | D:9      | Found a snail-covered altar of Cheibriados.
 10161 | D:10     | Entered Level 10 of the Dungeon
 10178 | D:10     | Gained Koronagh as an ally
 10233 | D:10     | Reached **** piety under Beogh
 10235 | D:10     | Reached skill level 13 in Axes
 10249 | D:10     | Found Oroqom's Magic Scroll Shoppe.
 10332 | D:10     | Bought a scroll of remove curse for 39 gold pieces
 10332 | D:10     | Bought a scroll of identify for 26 gold pieces
 10332 | D:10     | Bought a scroll of fear for 45 gold pieces
 10415 | D:10     | Noticed a two-headed ogre
 10420 | D:10     | Killed a two-headed ogre
 10934 | D:11     | Found a staircase to the Lair.
 11013 | D:11     | Noticed Erica
 11025 | D:11     | Killed Erica
 11242 | D:11     | Noticed a two-headed ogre
 11254 | D:11     | Killed a two-headed ogre
 11692 | D:12     | Got a bloodstained ring mail
 11703 | D:12     | Identified the +5 ring mail of the Blizzard {rN+ SInv} (You
                  | found it on level 12 of the Dungeon)
 11809 | D:12     | Found Mitas's Antique Weapon Shoppe.
 11844 | D:12     | Noticed Erolcha
 11855 | D:12     | Killed Erolcha
 11855 | D:12     | Gained Hawl as an ally
 11855 | D:12     | Reached skill level 14 in Axes
 11855 | D:12     | Reached skill level 1 in Invocations
 11855 | D:12     | Reached skill level 1 in Evocations
 11885 | D:12     | Noticed a four-headed hydra
 11891 | D:12     | Noticed an unseen horror
 11904 | D:12     | HP: 1/107 [four-headed hydra (10)]
 11904 | D:12     | Slain by a four-headed hydra

Skill      XL: |  1  2  3  4  5  6  7  8  9 10 11 |
---------------+----------------------------------+-----
Armour         | 1 2 3 4 5 6 8 10 11 | 11.6
Fighting       | 4 5 6 7 8 10 11 13 | 13.0
Axes           | 5 6 7 9 10 12 14 | 14.0
Invocations    | 1 |  1.4
Evocations     | 1 |  1.0
Dodging        | |  2.4
Stealth        | |  1.5

Action                   |  1- 3 |  4- 6 |  7- 9 | 10-12 || total
-------------------------+-------+-------+-------+-------++-------
Melee: Hand axe          |   147 |   171 |   606 |   130 ||  1054
       War axe           |       |       |       |   251 ||   251
Invok: Convert to Beogh  |       |       |     1 |       ||     1
       Smiting           |       |       |     2 |     2 ||     4
Evoke: Wand              |       |     3 |     2 |    10 ||    15
       Sack of spiders   |       |       |       |     1 ||     1
  Use: Potion            |       |     7 |       |       ||     7
       Scroll            |       |       |       |    13 ||    13
 Stab: Distracted        |       |       |     1 |       ||     1
  Eat: Chunk             |     3 |     4 |    13 |    11 ||    31
       Ration            |       |       |     3 |     4 ||     7
Armor: Robe              |    12 |       |       |       ||    12
       Chain mail        |    37 |    83 |   364 |   203 ||   687
       Skin              |       |     8 |       |       ||     8
       Ring mail         |       |       |       |    15 ||    15
Dodge: Dodged            |    75 |    56 |   242 |   153 ||   526
